 Dungeon Crawl Stone Soup version 0.25.1-2-g60ff931df9 (webtiles) character file.

Game seed: 4355292475308392862

21501 Luthien the Thaumaturge (level 12, -6/72 HPs)
             Began as a Deep Elf Conjurer on Aug 18, 2020.
             Was a Believer of Vehumet.
             Shot with a bolt by a yaktaur captain (20 damage)
             ... on level 13 of the Dungeon.
             The game lasted 01:33:15 (18922 turns).

Luthien the Thaumaturge (Deep Elf Conjurer)        Turns: 18922, Time: 01:33:15

Health: -6/72      AC:  8    Str:  5    XL:     12   Next: 54%
Magic:  25/31      EV: 28    Int: 29    God:    Vehumet [**....]
Gold:   571        SH:  9    Dex: 15    Spells: 24/38 levels left

rFire    . . .     SeeInvis .   a - +3 long sword (vorpal)
rCold    . . .     Gourm    .   l - +0 kite shield
rNeg     + . .     Faith    .   p - +0 steam dragon scales
rPois    .         Spirit   .   I - +1 helmet {Int+3}
rElec    .         Reflect  .   h - +0 cloak
rCorr    .         Harm     .   (no gloves)
MR       +....                  (no boots)
Stlth    +++.......             b - amulet of the acrobat
HPRegen  0.22/turn              k - ring of positive energy
MPRegen  0.22/turn              (no ring)

@: acrobat
A: no striking features
a: Renounce Religion


You were on level 13 of the Dungeon.
You worshipped Vehumet.
Vehumet was pleased with you.
You were hungry.

You visited 2 branches of the dungeon, and saw 14 of its levels.
You also visited: Sewer.

You collected 769 gold pieces.
You spent 198 gold pieces at shops.

Inventory:

Hand Weapons
 a - a +3 vorpal long sword (weapon)
 X - a +0 hunting sling
Missiles
 f - 339 stones (quivered)
 g - 334 arrows
 q - 12 datura-tipped darts
 w - 38 sling bullets
 y - 48 bolts
 E - 7 curare-tipped darts
 L - 4 javelins
 R - 22 poisoned darts
 V - 3 throwing nets
 Y - 15 boomerangs
Armour
 h - a +0 cloak (worn)
 l - a +0 kite shield (worn)
 p - +0 steam dragon scales (worn)
 I - a +1 helmet of intelligence (worn)
 O - +0 acid dragon scales
Jewellery
 b - an amulet of the acrobat (around neck)
 k - a ring of positive energy (left hand)
 M - an uncursed ring of fire
 Q - a +6 ring of strength {unknown}
Wands
 d - a wand of acid (17)
 r - a wand of digging (5)
 t - a wand of paralysis (7)
 x - a wand of polymorph (10)
 J - a wand of random effects (39)
 S - a wand of iceblast (8)
Scrolls
 e - 2 scrolls of torment {unknown}
 o - 7 scrolls of remove curse
 s - 2 scrolls of immolation {unknown}
 u - a scroll of brand weapon {unknown}
 B - 4 scrolls of fog {unknown}
 C - 2 scrolls of blinking {unknown}
 F - 6 scrolls of teleportation {unknown}
 H - a scroll of acquirement {unknown}
 K - a scroll of noise {unknown}
 P - 5 scrolls of fear {unknown}
 U - a scroll of enchant weapon
 W - a scroll of enchant armour
 Z - a scroll of identify
Potions
 i - a potion of invisibility
 j - 7 potions of curing
 m - a potion of stabbing {unknown}
 n - a potion of flight
 v - 2 potions of cancellation
 z - 3 potions of haste
 A - 3 potions of magic
 D - 2 potions of might
 G - 3 potions of brilliance
 N - a potion of ambrosia
 T - 2 potions of heal wounds
Comestibles
 c - 25 rations


   Skills:
 + Level 7.2 Fighting
 - Level 5.0 Dodging
 - Level 6.0 Stealth
 - Level 7.0 Shields
 + Level 13.9 Spellcasting
 + Level 12.5 Conjurations
 - Level 6.0 Hexes
 - Level 4.0 Evocations


You had 24 spell levels left.
You knew the following spells:

 Your Spells              Type           Power        Failure   Level  Hunger
a - Magic Dart            Conj           ####         1%          1    None
b - Searing Ray           Conj           ######       1%          2    None
i - Iskenderun's Mystic   Conj/Tloc      ######..     5%          4    None
p - Fulminant Prism       Conj/Hex       ######....   1%          4    None
A - Dazzling Flash        Conj/Hex       ######       1%          3    None

Your spell library contained the following spells:

 Spells                   Type           Power        Failure   Level  Hunger
 Sandblast                Erth           ###...       7%          1    None
 Corona                   Hex            ######.      1%          1    None
 Stone Arrow              Conj/Erth      ######       1%          3    None
 Animate Skeleton         Necr           N/A          7%          1    None
 Apportation              Tloc           ###...       7%          1    None
 Summon Small Mammal      Summ           ###.         7%          1    None
 Corpse Rot               Necr/Air       N/A          11%         2    None
 Summon Forest            Summ/Tloc      ###.......   89%         5    None
 Eringya's Noxious Bog    Tmut/Pois      ###.......   100%        6    ####...
 Hydra Form               Tmut           ###.......   100%        6    ####...
 Summon Hydra             Summ           ###.......   100%        7    #####..


Dungeon Overview and Level Annotations

Branches:
Dungeon (13/15)            Temple (1/1) D:4            Lair (0/6) D:10
    Orc (0/2) D:10          Sewer (visited)
 Vaults: D:13-14

Altars:
Ashenzari
Cheibriados
Dithmenos
Elyvilon
Fedhas
Gozag
Hepliaklqana
Kikubaaqudgha
Makhleb
Nemelex Xobeh
Okawaru
Qazlal
Ru
Sif Muna
Trog
Uskayaw
Vehumet
Wu Jian
Xom
Yredelemnul
Zin
The Shining One

Shops:
D:7 [

Annotations:
D:11 Snorg


Message History

Your fulminant prism explodes!
You hear a shout! x2
Casting: Fulminant Prism (dangerous; 1% risk of failure)
Confirm with . or Enter, or press ? or * to list all spells.
Aiming: Fulminant Prism (dangerous; 1% risk of failure)
Press: ? - help, Dir - move target cursor You conjure a prism of explosive energy!
A fulminant prism comes into view.
The yaktaur captain shoots a bolt.
The bolt barely misses you.
The yaktaur captain shoots a bolt.
The bolt hits you!!!
Ouch! That really hurt!
* * * LOW HITPOINT WARNING * * *
Your fulminant prism crackles loudly.
You see here a bolt.
Your fulminant prism explodes!
The blast of energy engulfs the yaktaur captain!!
The yaktaur captain is moderately wounded.
You hear a shout!
The yaktaur captain shoots a bolt.
The bolt hits you!!
You die...

....#..............#.#...#......#
...)#..............#.'...#......#
....#####..........#.#...#......#
........############.#...#......#
........)............##'##......#
####'###############............#
.................<.#............#
...................#............#
##########......@..#####........#
# #.............#........# #
#.............#######..# #
#...................#..# #
#...########........#.##
##########.((# #....#####.#.
.............# #....#.....#.
#####.....c(.# #....#.....'.
....'..<....(########....#.....##


You could see a yaktaur captain.

Vanquished Creatures
  A hydra (D:12)
  Erica (D:8)
  3 two-headed ogres
  3 tengu warriors (D:13)
  Sonja (D:11)
  4 harpies (D:13)
  An elephant (D:10)
  Maurice (D:11)
  2 centaur zombies
  Psyche (D:8)
  A komodo dragon (D:11)
  2 trolls
  A hornet (D:12)
  3 meliai (D:11)
  Grinder (D:4)
  3 hippogriffs
  A shadow (D:11)
  Sigmund (D:2)
  A wyvern (D:9)
  2 wraiths (D:13)
  A basilisk (D:10)
  4 hogs (D:8)
  8 yaks
  A human (D:8)
  A steam dragon (D:11)
  A hungry ghost (D:12)
  Menkaure (D:7)
  An acid dragon (D:12)
  Duvessa (D:4)
  A water moccasin (D:7)
  4 orc warriors
  2 ice beasts
  Purgy (Sewer)
  4 phantoms
  5 sky beasts
  8 ogres
  8 centaurs
  A crocodile (D:10)
  Blork the orc (D:4)
  8 bullfrogs
  A gnoll sergeant (D:7)
  6 scorpions
  Dowan (D:4)
  16 killer bees
  3 howler monkeys
  7 electric eels (D:11)
  6 crimson imps
  3 bullfrog zombies
  A quasit (D:12)
  8 orc priests
  A gnoll shaman (D:4)
  4 hounds
  4 jellies
  9 orc wizards
  2 bullfrog skeletons
  A centaur skeleton (D:10)
  Jessica (D:2)
  An iguana (D:4)
  9 worker ants
  2 hound skeletons
  Robin (D:4)
  A howler monkey skeleton (D:8)
  12 gnolls
  2 river rats (D:3)
  15 adders
  4 shadow imps (D:5)
  An ooze (D:2)
  2 adder skeletons
  2 worms
  3 dart slugs
  4 leopard geckos
  38 orcs
  3 ball pythons
  6 bats
  3 giant cockroaches
  11 goblins
  4 hobgoblins
  8 jackals
  5 kobolds
  5 quokkas
  5 frilled lizards
  4 leopard gecko skeletons
  A quokka skeleton (D:7)
  2 quokka zombies (D:8)
  10 rats
  3 fungi
  2 plants (D:11)
339 creatures vanquished.

Vanquished Creatures (others)
  A centaur warrior (D:13)
  A centaur (D:5)
  An adder (D:5)
  A worm (D:5)
  145 fulminant prisms
  A plant (D:11)
150 creatures vanquished.

Grand Total: 489 creatures vanquished

Notes
Turn   | Place    | Note
-------+----------+-------------------------------------------
     0 | D:1      | Luthien the Deep Elf Conjurer began the quest for the Orb.
     0 | D:1      | Reached XP level 1. HP: 10/10 MP: 6/6
   627 | D:1      | Reached XP level 2. HP: 15/15 MP: 6/8
   944 | D:2      | Reached XP level 3. HP: 16/19 MP: 0/10
  1098 | D:2      | Learned a level 2 spell: Searing Ray
  1177 | D:2      | Noticed Sigmund
  1194 | D:2      | Noticed Jessica
  1204 | D:2      | Killed Jessica
  1204 | D:2      | Reached skill level 1 in Shields
  1214 | D:2      | Reached XP level 4. HP: 24/24 MP: 3/11
  1558 | D:3      | Found a blossoming altar of Fedhas.
  1789 | D:3      | Found a shadowy altar of Dithmenos.
  1796 | D:3      | Found a burning altar of Makhleb.
  1796 | D:3      | Noticed a blizzard demon
  1805 | D:3      | Reached skill level 4 in Spellcasting
  2063 | D:3      | Reached skill level 5 in Conjurations
  2186 | D:3      | Found a glowing drain.
  2194 | Sewer    | Entered a sewer
  2264 | Sewer    | Reached XP level 5. HP: 28/28 MP: 10/13
  2405 | Sewer    | Noticed Purgy
  2415 | Sewer    | Killed Purgy
  3403 | D:4      | Reached XP level 6. HP: 26/32 MP: 6/14
  3504 | D:4      | Found a glowing golden altar of the Shining One.
  3588 | D:4      | Reached skill level 5 in Spellcasting
  3788 | D:4      | Reached XP level 7. HP: 36/36 MP: 11/16
  3888 | D:4      | Noticed Blork the orc
  3901 | D:5      | Entered Level 5 of the Dungeon
  3907 | D:5      | Learned a level 4 spell: Fulminant Prism
  3912 | D:5      | Learned a level 4 spell: Iskenderun's Mystic Blast
  4068 | D:5      | Reached skill level 5 in Dodging
  4068 | D:5      | Reached skill level 5 in Stealth
  4146 | D:5      | Found a burning altar of Makhleb.
  4507 | D:5      | Reached skill level 6 in Spellcasting
  4921 | D:5      | Found a shimmering altar of Xom.
  5012 | D:5      | Reached XP level 8. HP: 41/41 MP: 11/19
  5317 | D:5      | Found a sacrificial altar of Ru.
  5442 | D:6      | Got a slimy chain mail
  5569 | D:6      | Reached skill level 7 in Spellcasting
  5837 | D:6      | Reached skill level 8 in Spellcasting
  6164 | D:6      | Identified the +1 chain mail of Neuneydd {rN+ Int+2} (You
                  | found it on level 6 of the Dungeon)
  6637 | D:7      | Reached skill level 9 in Spellcasting
  6637 | D:7      | Reached XP level 9. HP: 34/45 MP: 17/24
  6801 | D:7      | Reached skill level 1 in Fighting
  6919 | D:7      | Found a hide-covered altar of Uskayaw.
  7011 | D:7      | Found Teuh's Armour Shoppe.
  7048 | D:7      | Bought a +1 helmet of intelligence for 198 gold pieces
  7261 | D:7      | Noticed Menkaure
  7267 | D:7      | Killed Menkaure
  7556 | D:4      | Noticed Robin
  7559 | D:4      | Killed Robin
  7683 | D:4      | Noticed Duvessa
  7683 | D:4      | Noticed Dowan
  7688 | D:4      | Killed Dowan
  7693 | D:4      | Killed Duvessa
  7693 | D:4      | Reached skill level 1 in Evocations
  7935 | D:4      | Found a staircase to the Ecumenical Temple.
  7981 | Temple   | Entered the Ecumenical Temple
  8326 | D:4      | Noticed Grinder
  8330 | D:4      | Killed Grinder
  8330 | D:4      | Reached skill level 10 in Spellcasting
  8770 | D:4      | Killed Blork the orc
  8985 | D:2      | Killed Sigmund
  9648 | D:8      | Reached XP level 10. HP: 48/56 MP: 14/26
  9936 | D:8      | Noticed Erica
  9943 | D:8      | Killed Erica
  9943 | D:8      | Reached skill level 11 in Spellcasting
  9943 | D:8      | Reached skill level 10 in Conjurations
 10012 | D:8      | Noticed Psyche
 10015 | D:8      | Killed Psyche
 11304 | D:8      | Found a shimmering blue altar of Sif Muna.
 11308 | D:8      | Found an ancient bone altar of Kikubaaqudgha.
 11313 | D:8      | Found a shattered altar of Ashenzari.
 12297 | D:9      | Reached skill level 5 in Shields
 12495 | D:9      | Reached XP level 11. HP: 62/62 MP: 19/28
 12502 | D:9      | Reached skill level 5 in Fighting
 12789 | D:9      | Reached skill level 12 in Spellcasting
 12794 | D:9      | Learned a level 3 spell: Dazzling Flash
 13103 | D:9      | Found a radiant altar of Vehumet.
 13103 | D:9      | Found a hide-covered altar of Uskayaw.
 13106 | D:9      | Became a worshipper of Vehumet
 13263 | D:10     | Entered Level 10 of the Dungeon
 13335 | D:10     | Noticed a two-headed ogre
 13350 | D:10     | Killed a two-headed ogre
 13350 | D:10     | Reached skill level 1 in Hexes
 14111 | D:10     | Found a staircase to the Lair.
 14191 | D:10     | You fall into a shaft and drop 1 floor!
 14325 | D:10     | Got an iridescent flail
 14366 | D:10     | Found a staircase to the Orcish Mines.
 14525 | D:10     | Identified the +3 flail of Domination {pain, rElec rF+
                  | Str-4} (You found it on level 10 of the Dungeon)
 14586 | D:11     | Noticed Maurice
 14592 | D:11     | Killed Maurice
 14884 | D:11     | Noticed Snorg
 15571 | D:11     | Noticed a two-headed ogre
 15583 | D:11     | Killed a two-headed ogre
 15893 | D:11     | Found a basalt altar of Yredelemnul.
 15920 | D:11     | Noticed Sonja
 15924 | D:11     | Reached * piety under Vehumet
 15924 | D:11     | Offered knowledge of Shock by Vehumet.
 15924 | D:11     | Killed Sonja
 16086 | D:11     | You fall into a shaft and drop 2 floors!
 16158 | D:13     | Reached skill level 13 in Spellcasting
 16165 | D:13     | Noticed a harpy
 16236 | D:13     | Noticed a centaur warrior
 17323 | D:12     | Noticed a six-headed hydra
 17335 | D:12     | Killed a six-headed hydra
 17335 | D:12     | Reached XP level 12. HP: 71/71 MP: 14/31
 17445 | D:12     | Noticed a two-headed ogre
 17457 | D:11     | Killed a two-headed ogre
 17457 | D:11     | Offered knowledge of Sandblast by Vehumet.
 17964 | D:12     | Reached ** piety under Vehumet
 18252 | D:12     | You fall into a shaft and drop 1 floor!
 18293 | D:13     | Noticed a tengu warrior
 18297 | D:13     | Noticed a tengu warrior
 18306 | D:13     | Killed a tengu warrior
 18306 | D:13     | Reached skill level 5 in Hexes
 18310 | D:13     | Killed a tengu warrior
 18610 | D:13     | Noticed a tengu warrior
 18627 | D:13     | Killed a tengu warrior
 18832 | D:13     | Killed a centaur warrior
 18913 | D:13     | Noticed a yaktaur captain
 18922 | D:13     | Shot with a bolt by a yaktaur captain

Illustrated notes

Levels and vault maps discovered:
D:1:      eino_arrival_cavern_b, layout_basic
D:2:      layout_rooms, uniq_jessica, uniq_sigmund
D:3:      layout_basic, makhleb_altar_promises_db, fedhas_altar_3,
          portal_sewer_entry_e, grunt_dithmenos_smoke_and_mirrors
D:4:      layout_loops_ring, tso_oasis_becter, minmay_temple_entry_fiery,
          uniq_robin, uniq_grinder, uniq_blork_the_orc, uniq_duvessa
D:5:      layout_cave_pods, kennysheep_mini_moat, basic_altar, first_ration,
          grunt_ministairs_4, xom_confusion_cloud
D:6:      layout_basic, minmay_misc_feat_roman
D:7:      layout_loops_ring, serial_shops, shop, basic_altar, uniq_menkaure
D:8:      layout_basic, minmay_overflow_temple_star_quad, grunt_livestock,
          uniq_erica, uniq_psyche
D:9:      layout_cave_pools, gammafunk_temple_overflow_elements,
          serial_bayou_pond_d
D:10:     lemuel_ice_spiral_2, layout_basic, david_lair_generic, orc_0_dummy,
          hangedman_decor_opposing
D:11:     wad_lake_hut, layout_cross, basic_altar, minivault_13, uniq_maurice,
          uniq_snorg, uniq_sonja
D:12:     minmay_the_grid_4x2 [minmay_the_grid_dragon_b,
          minmay_the_grid_stretched_grid, minmay_the_grid_aliased_spiral,
          minmay_the_grid_embedded, minmay_the_grid_broken_lines,
          minmay_the_grid_tiny_cups, minmay_the_grid_zigzag_pyramid,
          minmay_the_grid_prize_four_corners_diamond_b], layout_basic,
          minmay_liquid_box
D:13:     layout_irregular_city, david_vaults_2, hangedman_aviary
Temple:   oiseaux_autumnal_temple

Skill      XL: |  1  2  3  4  5  6  7  8  9 10 11 12 |
---------------+-------------------------------------+-----
Stealth        | 3 4 5 6 |  6.0
Dodging        | 3 4 5 |  5.0
Shields        | 1 2 3 4 5 6 7 |  7.0
Spellcasting   | 4 5 6 9 10 11 13 | 13.9
Conjurations   | 5 6 8 9 10 12 | 12.5
Fighting       | 3 4 6 7 |  7.2
Evocations     | 3 4 |  4.0
Hexes          | 4 6 |  6.0

Action                   |  1- 3 |  4- 6 |  7- 9 | 10-12 || total
-------------------------+-------+-------+-------+-------++-------
Melee: Whip              |       |    49 |       |       ||    49
       Spear             |       |       |       |    14 ||    14
 Cast: Magic Dart        |    41 |    51 |   142 |   106 ||   340
       Searing Ray       |     2 |    27 |    67 |    51 ||   147
       Fulminant Prism   |       |       |     6 |   140 ||   146
  Use: Scroll            |       |     4 |       |    14 ||    18
       Potion            |       |     1 |       |       ||     1
  Eat: Chunk             |     1 |     8 |    11 |    16 ||    36
       Ration            |       |       |     2 |     4 ||     6
Armor: Robe              |       |     6 |       |     6 ||    12
       Scale mail        |       |       |    15 |       ||    15
       Troll leather arm |       |       |     1 |       ||     1
       Steam dragon scal |       |       |       |     6 ||     6
Dodge: Dodged            |     1 |    27 |    18 |   107 ||   153
Block: Kite shield       |     4 |    40 |       |    35 ||    79
       Other             |       |     1 |     5 |     6 ||    12
       Reflection        |       |       |       |     3 ||     3
